Workbook

Sheet LOCALIZACION Y REPLANTEO
A1: REPÚBLICA DE COLOMBIA ESPINAL TOLIMA INSTITUTO MUNICIPAL DEL DEPORTE Y LA RECREACION “IMDRE” | E1: ANALISIS DE PRECIOS UNITARIOS
E2: ZONA:
E3: MUNICIPIO: | F3: ESPINAL TOLIMA
A5: ITEM: | B5: LOCALIZACIÓN Y REPLANTEO | H5: FECHA: | I5: 46173
A6: CÓDIGO: | B6: 1 | H6: UNIDAD: | I6: ML
B8: I. EQUIPO
A9: Id Equipo | B9: Descripción | E9: Tipo | F9: Tarifa/hora | G9: Rendimiento | H9: Valor-Unit
B10: Equipo completo de topografía | E10: hr | F10: 40696.128 | G10: 0.05 | H10: =+F10*G10 -> 2034.8064
B11: Herramienta Menor | E11: hr | F11: 200 | G11: 3 | H11: =+F11*3 -> 600
H12: Sub-total | I12: =+H10+H11 -> 2634.8064
B13: II. MATERIALES EN OBRA
A14: Id Insumo | B14: Descripción | E14: Unidad | F14: Precio-Unit | G14: Cantidad | H14: Valor-Unit
B15: Guadua L=5m | E15: und | F15: 11050 | G15: 0.005 | H15: =+F15*G15 -> 55.25
B16: Cuartón de Otobo 2"*4"*2.90m | E16: und | F16: 10347.708 | G16: 0.04 | H16: =+F16*G16 -> 413.90832
B17: Puntilla 3" | E17: lb | F17: 2600 | G17: 0.02 | H17: =+F17*G17 -> 52
B18: Nylon | E18: m | F18: 72.8 | G18: 0.2 | H18: =+F18*G18 -> 14.56
H19: Sub-total | I19: =+H15+H16+H17+H18 -> 535.71832
B20: IV. MANO DE OBRA
A21: Id Cuadrilla | B21: Descripción | D21: Jornal | E21: Prestaciones | F21: Jornal Total | G21: Rendimiento | H21: Valor-Unit
B22: Ayudante (1) | D22: =1750000/30 -> 58333.333 | E22: 85% | F22: =+D22*1.85 -> 107916.67 | G22: 0.001 | H22: =+F22*G22 -> 107.91667
B23: Comisión de Topografía (1) | D23: =+D22*5.26 -> 306833.33 | E23: 85% | F23: =+D23*1.85 -> 567641.67 | G23: 0.001 | H23: =+F23*G23 -> 567.64167
H24: Sub-total | I24: =+H22+H23 -> 675.55833
F27: Total Costo Directo | I27: =+I12+I19+I24 -> 3846.0831
A30: OBSERVACIÓN

Sheet LAMPARA
A1: REPÚBLICA DE COLOMBIA ESPINAL TOLIMA INSTITUTO MUNICIPAL DEL DEPORTE Y LA RECREACION “IMDRE” | E1: ANALISIS DE PRECIOS UNITARIOS
E2: ZONA:
E3: MUNICIPIO: | F3: ESPINAL TOLIMA
A5: ITEM: | B5: LAMP LED HIGH BAY | H5: FECHA: | I5: 46173
A6: CÓDIGO: | B6: 2 | H6: UNIDAD: | I6: UND
B8: I. EQUIPO
A9: Id Equipo | B9: Descripción | E9: Tipo | F9: Tarifa/hora | G9: Rendimiento | H9: Valor-Unit
B10: Herramienta Menor | E10: hr | F10: 200 | G10: 4.9987 | H10: =+F10*G10 -> 999.74
H11: Sub-total | I11: =+H10 -> 999.74
B12: II. MATERIALES EN OBRA
A13: Id Insumo | B13: Descripción | E13: Unidad | F13: Precio-Unit | G13: Cantidad | H13: Valor-Unit
B14: LAMP LED HIGH BAY 100w ENERLUX | E14: Un | F14: 195000 | G14: 1 | H14: =+F14*G14 -> 195000
B15: BRAZO HORIZON 1 1/2"x1.5mt INCLUYE COLLARIN | E15: Un | F15: 163800 | G15: 1 | H15: =+F15*G15 -> 163800
B16: CABLE ENCAUCHETADO CONDUMEX 3*14 600v 90 °C | E16: Un | F16: 9750 | G16: 2 | H16: =+F16*G16 -> 19500
B17: CONECTOR DENTADO ALUMBRA PRI 2 DER 8-2 | E17: Un | F17: 6760 | G17: 3 | H17: =+F17*G17 -> 20280
B18: PERCHA TIPO PESADO DE 1 PUESTO + AISLADOR CARRETE | E18: Un | F18: 26000 | G18: 1 | H18: =+F18*G18 -> 26000
B19: CABLE ALUMINIO AISLADO #8 | E19: mt | F19: 2600 | G19: 1 | H19: =+F19*G19 -> 2600
B20: CINTA SCOTT 23 | E20: rollo | F20: 96200 | G20: 0.13 | H20: =+F20*G20 -> 12506
B21: CINTA SCOTT 33 | E21: rollo | F21: 39000 | G21: 0.15 | H21: =+F21*G21 -> 5850
B22: COLLARIN PARA PERCHA | E22: und | F22: 35100 | G22: 1 | H22: =+F22*G22 -> 35100
H23: Sub-total | I23: =SUM(H14:H22) -> 480636
B24: IV. MANO DE OBRA
A25: Id Cuadrilla | B25: Descripción | D25: Jornal | E25: Prestaciones | F25: Jornal Total | G25: Rendimiento | H25: Valor-Unit
B26: Oficial (1) | D26: =+'RETIRO DE CABLE'!D20 -> 107916.67 | E26: 85% | F26: =+D26*1.85 -> 199645.83 | G26: 0.5 | H26: =+F26*G26 -> 99822.917
B27: Ayudante (1) | D27: =+'RETIRO DE CABLE'!D21 -> 58333.333 | E27: 85% | F27: =+D27*1.85 -> 107916.67 | G27: 0.5 | H27: =+F27*G27 -> 53958.333
H28: Sub-total | I28: =+H26+H27 -> 153781.25
F31: Total Costo Directo | I31: =+I11+I23+I28 -> 635416.99
A34: OBSERVACIÓN

Sheet POSTE 1050
A1: REPÚBLICA DE COLOMBIA ESPINAL TOLIMA INSTITUTO MUNICIPAL DEL DEPORTE Y LA RECREACION “IMDRE” | E1: ANALISIS DE PRECIOS UNITARIOS
E2: ZONA:
E3: MUNICIPIO: | F3: ESPINAL TOLIMA
A5: ITEM: | B5: POSTE EN CONCRETO 1050 Kgf | H5: FECHA: | I5: 46173
A6: CÓDIGO: | B6: 3 | H6: UNIDAD: | I6: UN
B8: I. EQUIPO
A9: Id Equipo | B9: Descripción | E9: Tipo | F9: Tarifa/hora | G9: Rendimiento | H9: Valor-Unit
B10: Herramienta Menor | E10: hr | F10: 260 | G10: 4 | H10: =+F10*G10 -> 1040 | K10: =+F10*1.3 -> 338
B11: grua mobil | E11: hr | F11: 187000 | G11: 1.5000003 | H11: =+F11*G11 -> 280500.06
H12: Sub-total | I12: =+H10+H11 -> 281540.06
B14: II. MATERIALES EN OBRA
A15: Id Insumo | B15: Descripción | E15: Unidad | F15: Precio-Unit | G15: Cantidad | H15: Valor-Unit
B16: poste en concreto 1050 kgf | E16: und | F16: 1690000 | G16: 1 | H16: =+F16*G16 -> 1690000 | K16: =+F16*1.3 -> 2197000
B17: concreto 3000 PSI fundido en sitio | E17: M3 | F17: 1105000 | G17: 0.12 | H17: =+F17*G17 -> 132600 | K17: =+F17*1.3 -> 1436500
B18: microfibras aceradas | E18: kg | F18: 68000 | G18: 0.25 | H18: =+F18*G18 -> 17000
I20: =+H16+H17+H18+H19 -> 1839600
B22: IV. MANO DE OBRA
A23: Id Cuadrilla | B23: Descripción | D23: Jornal | E23: Prestaciones | F23: Jornal Total | G23: Rendimiento | H23: Valor-Unit
B24: Oficial (1) | D24: =+CABLE!D20 -> 107916.67 | E24: 85% | F24: =+D24*1.85 -> 199645.83 | G24: 0.4 | H24: =+F24*G24 -> 79858.333 | K24: =2000000/30 -> 66666.667
B25: Ayudante (1) | D25: =+CABLE!D21 -> 58333.333 | E25: 85% | F25: =+D25*1.85 -> 107916.67 | G25: 0.4 | H25: =+F25*G25 -> 43166.667
H26: Sub-total | I26: =+H24+H25 -> 123025
F29: Total Costo Directo | I29: =+I12+I26+I20 -> 2244165.1
A32: OBSERVACIÓN

Sheet POSTE 510
A1: REPÚBLICA DE COLOMBIA ESPINAL TOLIMA INSTITUTO MUNICIPAL DEL DEPORTE Y LA RECREACION “IMDRE” | E1: ANALISIS DE PRECIOS UNITARIOS
E2: ZONA:
E3: MUNICIPIO: | F3: ESPINAL TOLIMA
A5: ITEM: | B5: POSTE EN CONCRETO 510 Kgf | H5: FECHA: | I5: 46173
A6: CÓDIGO: | B6: 4 | H6: UNIDAD: | I6: UN
B8: I. EQUIPO
A9: Id Equipo | B9: Descripción | E9: Tipo | F9: Tarifa/hora | G9: Rendimiento | H9: Valor-Unit
B10: Herramienta Menor | E10: hr | F10: 260 | G10: 4 | H10: =+F10*G10 -> 1040 | K10: =+F10*1.3 -> 338
B11: grua mobil | E11: hr | F11: 187000 | G11: 1.5000003 | H11: =+F11*G11 -> 280500.06
H12: Sub-total | I12: =+H10+H11 -> 281540.06
B14: II. MATERIALES EN OBRA
A15: Id Insumo | B15: Descripción | E15: Unidad | F15: Precio-Unit | G15: Cantidad | H15: Valor-Unit
B16: poste en concreto 510 kgf | E16: und | F16: 1105000 | G16: 1 | H16: =+F16*G16 -> 1105000 | K16: =+F16*1.3 -> 1436500
B17: concreto 3000 PSI fundido en sitio | E17: M3 | F17: 1105000 | G17: 0.12 | H17: =+F17*G17 -> 132600 | K17: =+F17*1.3 -> 1436500
B18: microfibras aceradas | E18: kg | F18: 68000 | G18: 0.25 | H18: =+F18*G18 -> 17000
I20: =+H16+H17+H18+H19 -> 1254600
B22: IV. MANO DE OBRA
A23: Id Cuadrilla | B23: Descripción | D23: Jornal | E23: Prestaciones | F23: Jornal Total | G23: Rendimiento | H23: Valor-Unit
B24: Oficial (1) | D24: =+LAMPARA!D26 -> 107916.67 | E24: 85% | F24: =+D24*1.85 -> 199645.83 | G24: 0.4 | H24: =+F24*G24 -> 79858.333
B25: Ayudante (1) | D25: =+LAMPARA!D27 -> 58333.333 | E25: 85% | F25: =+D25*1.85 -> 107916.67 | G25: 0.4 | H25: =+F25*G25 -> 43166.667
H26: Sub-total | I26: =+H24+H25 -> 123025
F29: Total Costo Directo | I29: =+I12+I26+I20 -> 1659165.1
A32: OBSERVACIÓN

Sheet REINSTALADA POSTE
A1: REPÚBLICA DE COLOMBIA ESPINAL TOLIMA INSTITUTO MUNICIPAL DEL DEPORTE Y LA RECREACION “IMDRE” | E1: ANALISIS DE PRECIOS UNITARIOS
E2: ZONA:
E3: MUNICIPIO: | F3: ESPINAL TOLIMA
A5: ITEM: | B5: REINSTALADA DE POSTE EN CONCRETO EXISTENTE | H5: FECHA: | I5: 46173
A6: CÓDIGO: | B6: 5 | H6: UNIDAD: | I6: UN
B8: I. EQUIPO
A9: Id Equipo | B9: Descripción | E9: Tipo | F9: Tarifa/hora | G9: Rendimiento | H9: Valor-Unit
B10: Herramienta Menor | E10: hr | F10: 200 | G10: 10 | H10: =+F10*G10 -> 2000
B11: grua mobil | E11: hr | F11: 187000 | G11: 1.500002 | H11: =+F11*G11 -> 280500.37
H12: Sub-total | I12: =+H10+H11 -> 282500.37
B14: II. MATERIALES EN OBRA
A15: Id Insumo | B15: Descripción | E15: Unidad | F15: Precio-Unit | G15: Cantidad | H15: Valor-Unit
B16: concreto 3000 PSI fundido en sitio | E16: M3 | F16: 850000 | G16: 0.12 | H16: =+F16*G16 -> 102000
B17: microfibras aceradas | E17: kg | F17: 68000 | G17: 0.25 | H17: =+F17*G17 -> 17000
H20: Sub-total | I20: =+H16+H18+H17+H19 -> 119000
B21: IV. MANO DE OBRA
A22: Id Cuadrilla | B22: Descripción | D22: Jornal | E22: Prestaciones | F22: Jornal Total | G22: Rendimiento | H22: Valor-Unit
B23: Oficial (1) | D23: =+'POSTE 1050'!D24 -> 107916.67 | E23: 85% | F23: =+D23*1.85 -> 199645.83 | G23: 1 | H23: =+F23*G23 -> 199645.83
B24: Ayudante (1) | D24: =+'POSTE 1050'!D25 -> 58333.333 | E24: 85% | F24: =+D24*1.85 -> 107916.67 | G24: 1 | H24: =+F24*G24 -> 107916.67
H25: Sub-total | I25: =+H23+H24 -> 307562.5
F28: Total Costo Directo | I28: =+I12+I20+I25 -> 709062.87
A31: OBSERVACIÓN

Sheet CABLE
A1: REPÚBLICA DE COLOMBIA ESPINAL TOLIMA INSTITUTO MUNICIPAL DEL DEPORTE Y LA RECREACION “IMDRE” | E1: ANALISIS DE PRECIOS UNITARIOS
E2: ZONA:
E3: MUNICIPIO: | F3: ESPINAL TOLIMA
A5: ITEM: | B5: CABLE m C. TRIPLEX | H5: FECHA: | I5: 46173
A6: CÓDIGO: | B6: 6 | H6: UNIDAD: | I6: ML
B8: I. EQUIPO
A9: Id Equipo | B9: Descripción | E9: Tipo | F9: Tarifa/hora | G9: Rendimiento | H9: Valor-Unit
B10: Herramienta Menor | E10: hr | F10: 260 | G10: 4 | H10: =+F10*G10 -> 1040 | K10: =+F10*1.3 -> 338
H11: Sub-total | I11: 1081.2195
B12: II. MATERIALES EN OBRA
A13: Id Insumo | B13: Descripción | E13: Unidad | F13: Precio-Unit | G13: Cantidad | H13: Valor-Unit
B14: m C. TRIPLEX 2 x 4 + 4 N.A. CONDUCOL | E14: ML | F14: 13780 | G14: 1.05 | H14: =+F14*G14 -> 14469 | K14: =+F14*1.3 -> 17914
H17: Sub-total | I17: =SUM(H14:H16) -> 14469
B18: IV. MANO DE OBRA
A19: Id Cuadrilla | B19: Descripción | D19: Jornal | E19: Prestaciones | F19: Jornal Total | G19: Rendimiento | H19: Valor-Unit
B20: Oficial (1) | D20: =+'POSTE 510'!D24 -> 107916.67 | E20: 85% | F20: =+D20*1.85 -> 199645.83 | G20: 0.05 | H20: =+F20*G20 -> 9982.2917
B21: Ayudante (1) | D21: =+'POSTE 510'!D25 -> 58333.333 | E21: 85% | F21: =+D21*1.85 -> 107916.67 | G21: 0.05 | H21: =+F21*G21 -> 5395.8333
H22: Sub-total | I22: =+H20+H21 -> 15378.125
F25: Total Costo Directo | I25: =+I11+I17+I22 -> 30928.344
A28: OBSERVACIÓN

Sheet RETIRO DE CABLE
A1: REPÚBLICA DE COLOMBIA ESPINAL TOLIMA INSTITUTO MUNICIPAL DEL DEPORTE Y LA RECREACION “IMDRE” | E1: ANALISIS DE PRECIOS UNITARIOS
E2: ZONA:
E3: MUNICIPIO: | F3: ESPINAL TOLIMA
A5: ITEM: | B5: RETIRO E INSTALACION DE CABLE EXISTENTE | H5: FECHA: | I5: 46173
A6: CÓDIGO: | B6: 7 | H6: UNIDAD: | I6: UND
B8: I. EQUIPO
A9: Id Equipo | B9: Descripción | E9: Tipo | F9: Tarifa/hora | G9: Rendimiento | H9: Valor-Unit
B10: Herramienta Menor | E10: hr | F10: 200 | G10: 4.9987 | H10: =+F10*G10 -> 999.74
H11: Sub-total | I11: 1081.2195
B12: II. MATERIALES EN OBRA
A13: Id Insumo | B13: Descripción | E13: Unidad | F13: Precio-Unit | G13: Cantidad | H13: Valor-Unit
H17: Sub-total | I17: =SUM(H14:H16) -> 0
B18: IV. MANO DE OBRA
A19: Id Cuadrilla | B19: Descripción | D19: Jornal | E19: Prestaciones | F19: Jornal Total | G19: Rendimiento | H19: Valor-Unit
B20: Oficial (1) | D20: =+D21*1.85 -> 107916.67 | E20: 85% | F20: =+D20*1.85 -> 199645.83 | G20: 0.05 | H20: =+F20*G20 -> 9982.2917
B21: Ayudante (1) | D21: =1750000/30 -> 58333.333 | E21: 85% | F21: =+D21*1.85 -> 107916.67 | G21: 0.05 | H21: =+F21*G21 -> 5395.8333
H22: Sub-total | I22: =+H20+H21 -> 15378.125
F25: Total Costo Directo | I25: =+I11+I17+I22 -> 16459.344
A28: OBSERVACIÓN
A29: RET

Sheet FOTOMETRIA
A1: REPÚBLICA DE COLOMBIA ESPINAL TOLIMA INSTITUTO MUNICIPAL DEL DEPORTE Y LA RECREACION “IMDRE” | E1: ANALISIS DE PRECIOS UNITARIOS
E2: ZONA:
E3: MUNICIPIO: | F3: ESPINAL TOLIMA
A5: ITEM: | B5: ESTUDIO FOTOMETRICO | H5: FECHA: | I5: 46173
A6: CÓDIGO: | B6: 8 | H6: UNIDAD: | I6: GL
B8: PERSONAL E INFORMES
A9: Id Insumo | B9: Descripción | E9: Unidad | F9: Precio-Unit | G9: Cantidad | H9: Valor-Unit
B10: Profesional especializado en diseño de iluminación/fotometría | E10: horas | F10: 170000 | G10: 8 | H10: =+F10*G10 -> 1360000
B11: Técnico de apoyo / levantamiento de información | E11: horas | F11: 100000 | G11: 4 | H11: =+F11*G11 -> 400000
B12: Levantamiento de información en campo | E12: horas | F12: 150000 | G12: 4 | H12: =+F12*G12 -> 600000
B13: Elaboración de modelo fotométrico y simulación | E13: global | F13: 500000 | G13: 1 | H13: =+F13*G13 -> 500000
B14: Elaboración de planos y curvas isolux | E14: global | F14: 500000 | G14: 1 | H14: =+F14*G14 -> 500000
B15: Plano de distribución. | E15: global | F15: 500000 | G15: 1 | H15: =+F15*G15 -> 500000
B16: Informe técnico firmado por profesional competente. | E16: global | F16: 900000 | G16: 1 | H16: =+F16*G16 -> 900000
H17: =+F17*G17 -> 0
H18: Sub-total | I18: =SUM(H10:H17) -> 4760000
B19: EQUIPOS Y TRANSPORTES
A20: Id Insumo | B20: Descripción | E20: Unidad | F20: Precio-Unit | G20: Cantidad | H20: Valor-Unit
B21: Transporte y desplazamiento | E21: global | F21: 200000 | G21: 1 | H21: =+F21*G21 -> 200000
B22: Papelería, impresión y entrega | E22: global | F22: 180000 | G22: 4.4968736 | H22: =+F22*G22 -> 809437.25
B23: Software especializado / procesamiento | E23: global | F23: 400000 | G23: 1 | H23: =+F23*G23 -> 400000
H29: Sub-total | I29: =SUM(H21:H28) -> 1409437.3
G32: Total Costo Directo | I32: =+I18+I24+I29 -> 6169437.3
A34: OBSERVACIÓN
A35: RET

Sheet DESGLOSE AIU
A1: DESGLOSE DEL AIU – MEJORAMIENTO DEL SISTEMA DE ILUMINACIÓN UNIDAD DEPORTIVA VILLA OLÍMPICA – EL ESPINAL, TOLIMA
A4: PARÁMETRO | B4: VALOR
A5: Costo directo | B5: =#REF! -> #REF!
A6: Administración (A) | B6: =#REF! -> #REF!
A7: Imprevistos (I) | B7: =#REF! -> #REF!
A8: Utilidad (U) | B8: =#REF! -> #REF!
A9: AIU total | B9: =SUM(B6:B8) -> #REF!
A10: Costo total presupuesto | B10: =#REF! -> #REF!
A12: A. DESGLOSE DE ADMINISTRACIÓN
A13: ÍTEM | B13: CONCEPTO | C13: BASE DE CÁLCULO | D13: % COSTO DIRECTO | E13: VALOR
A14: 1 | B14: PERSONAL PROFESIONAL
B15: Director de Obra - Ingeniero Civil Especialista | C15: Costo directo | D15: 0.01 | E15: =$B$5*D15 -> #REF!
B16: Residente de Obra - Ingeniero Civil | C16: Costo directo | D16: 0.03 | E16: =$B$5*D16 -> #REF!
B17: PERSONAL TECNICO
B18: Maestro de Obra | C18: Costo directo | D18: 0.02 | E18: =$B$5*D18 -> #REF!
A19: 2 | B19: COSTOS ADMINISTRATIVOS
B20: Seguridad y Salud en el Trabajo – SG-SST | C20: Costo directo | D20: 0.003 | E20: =$B$5*D20 -> #REF!
B21: Pólizas y garantías del contrato | C21: Costo directo | D21: 0.002 | E21: =$B$5*D21 -> #REF!
B22: Transporte y desplazamientos administrativos | C22: Costo directo | D22: 0.001 | E22: =$B$5*D22 -> #REF!
B23: Oficina, papelería, comunicaciones e informes | C23: Costo directo | D23: 0.003 | E23: =$B$5*D23 -> #REF!
A24: 3 | B24: GASTOS DE LEGALIZACION
B25: Impuestos, tasas, estampillas y contribuciones atribuibles al contrato | C25: Costo directo | D25: 0.171 | E25: =$B$5*D25 -> #REF!
A26: TOTAL ADMINISTRACIÓN | D26: =SUM(D14:D25) -> 0.24 | E26: =SUM(E14:E25) -> #REF!
A29: B. IMPREVISTOS Y UTILIDAD
A30: CONCEPTO | B30: BASE | C30: % | D30: VALOR | E30: REFERENCIA
A31: Imprevistos (I) | B31: Costo directo | C31: =$B$7 -> #REF! | D31: =$B$5*C31 -> #REF! | E31: PRESUPUESTO
A32: Utilidad (U) | B32: Costo directo | C32: =$B$8 -> #REF! | D32: =$B$5*C32 -> #REF! | E32: PRESUPUESTO
A35: RESUMEN DEL AIU
A36: CONCEPTO | B36: % | C36: VALOR | D36: CONTROL
A37: Administración | B37: =D26 -> 0.24 | C37: =E26 -> #REF! | D37: =IF(ABS(B37-$B$6)<0.000001,"OK","REVISAR") -> #REF!
A38: Imprevistos | B38: =C31 -> #REF! | C38: =D31 -> #REF! | D38: =IF(ABS(B38-$B$7)<0.000001,"OK","REVISAR") -> #REF!
A39: Utilidad | B39: =C32 -> #REF! | C39: =D32 -> #REF! | D39: =IF(ABS(B39-$B$8)<0.000001,"OK","REVISAR") -> #REF!
A40: TOTAL AIU | B40: =SUM(B37:B39) -> #REF! | C40: =SUM(C37:C39) -> #REF! | D40: =IF(ABS(B40-$B$9)<0.000001,"OK","REVISAR") -> #REF!
A42: Costo directo | B42: =$B$5 -> #REF!
A43: AIU | B43: =C40 -> #REF!
A44: TOTAL PRESUPUESTO | B44: =SUM(B42:B43) -> #REF!
